 Dungeon Crawl Stone Soup version 0.31.0-11-ge490571c62 (webtiles) character file.

Game seed: 3112229991262625136

402 Gadfly the Insei (level 6, 0/47 HPs)
             Began as a Demonspawn Monk on Feb 2, 2024.
             Slain by Duvessa
             ... wielding a +3 short sword of holy wrath
              (5 damage)
             ... on level 4 of the Dungeon.
             The game lasted 00:04:54 (3278 turns).

Gadfly the Insei (Demonspawn Monk)                  Turns: 3278, Time: 00:04:55

Health: 0/47       AC:  4    Str: 14    XL:     6   Next: 55%
Magic:  6/6        EV: 13    Int: 12    God:
Gold:   1201       SH:  0    Dex: 12    Spells: 5/5 levels left

rFire   . . .        b - +8 hand axe of the Assorted Ziggurats {drain, Will+ Int+2 Dex-3}
rCold   . . .        (no shield)
rNeg    . . .        a - +0 robe
rPois   .            (no helmet)
rElec   .            n - +1 cloak
rCorr   .            (no gloves)
SInv    +            (no boots)
Will    +....        (no amulet)
Stlth   +            e - ring of see invisible
HPRegen 0.27/turn    (no ring)
MPRegen 0.10/turn

%: no passive effects
@: no status effects
A: hooves 2, spiny 1
a: no special abilities


You were on level 4 of the Dungeon.
You visited 1 branch of the dungeon, and saw 4 of its levels.

You collected 1201 gold pieces.

Inventory:

Hand Weapons
 b - the +8 hand axe of the Assorted Ziggurats (weapon) {drain, Will+ Int+2 Dex-3}
   (You found it on level 3 of the Dungeon)

   Int+2:     It affects your intelligence (+2).
   Dex-3:     It affects your dexterity (-3).
   Will+:     It increases your willpower.
Armour
 a - a +0 robe (worn)
 n - a +1 cloak (worn)
Jewellery
 e - a ring of see invisible (left hand)
 l - a ring of fire
Wands
 h - a wand of iceblast (26)
Potions
 d - 2 potions of curing
 f - a potion of attraction
 g - 2 potions of mutation
 i - a potion of heal wounds
 m - a potion of might


   Skills:
 - Level 3.0 Fighting
 + Level 3.5 Dodging
 * Level 4.2 Unarmed Combat
 * Level 3.4 Evocations
 * Level 2.6 Shapeshifting


You had 5 spell levels left.
You didn't know any spells.
Your spell library contained the following spells:

 Spells                   Type           Power      Damage    Failure   Level
 Scorch                   Fire           0%         2d5       45%         2
 Flame Wave               Conj/Fire      0%         2d4       97%         4
 Summon Cactus Giant      Summ           0%         N/A       100%        6


Dungeon Overview and Level Annotations

Branches:
Dungeon (4/15)
 Temple: D:4-7

Altars:

Annotations:
D:4 Duvessa


Innate Abilities, Weirdness & Mutations

You have hoof-like feet.
You are partially covered in sharp spines.


Message History

Unknown command.
You hit Duvessa. You drain Duvessa. Your kick misses Duvessa.
Duvessa is moderately wounded.
Dowan casts a spell.
Dowan blinks!
Duvessa closely misses you.
Unknown command.
You hit Duvessa but do no damage.
Duvessa is moderately wounded.
Duvessa barely misses you. Duvessa is struck by your spines.
Duvessa hits you with a +3 short sword of holy wrath!
You convulse!
You hit Duvessa. You drain Duvessa. You kick Duvessa, but do no damage.
Duvessa is heavily wounded.
You hit Dowan.
Duvessa hits you with a +3 short sword of holy wrath.
You convulse.
Dowan is struck by your spines. Dowan hits you with a +0 dagger.
Unknown command.
You are too injured to fight recklessly!
Unknown command.
Dowan is struck by your spines. Dowan misses you.
There is an open door here.
Things that are here:
a +0 club; an orc corpse; a quokka corpse Dowan gestures at Duvessa while chanting.
Duvessa seems to speed up.
You hit Duvessa. You drain Duvessa.
Duvessa is severely wounded.
Duvessa hits you with a +3 short sword of holy wrath.
You convulse.
You hit Duvessa.
Duvessa is almost dead.
Duvessa closely misses you. Duvessa barely misses you. Dowan barely misses you.
You hit Dowan. You drain Dowan.
You kill Dowan!
Duvessa screams, "No!
How DARE you!"
Duvessa goes berserk!
You barely miss Duvessa.
Duvessa hits you with a +3 short sword of holy wrath!
* * * LOW HITPOINT WARNING * * *
You convulse.
You die...

+.......
#...)..#
#......+
#......#
#......#
#......#
#......#
####)##.....
#.e@.# ...
#....# .
#....#
#....#
#....#
#....#
#######...#
#.....#...#
#.....'<..#


You could see Duvessa (berserk, fast, very drained).

Vanquished Creatures
  Sigmund (D:2)
  An ogre (D:3)
  Dowan (D:4)
  Crazy Yiuf (D:2)
  Natasha (D:2)
  4 adders
  2 dart slugs
  3 ribbon worms
  An orc (D:4)
  7 bats
  7 endoplasms
  A giant cockroach (D:2)
  5 goblins
  5 hobgoblins
  4 jackals (D:3)
  4 quokkas
  4 ball pythons
  3 frilled lizards
  6 kobolds
  5 rats
66 creatures vanquished.

Notes
Turn   | Place    | Note
-------+----------+-------------------------------------------
     0 | D:1      | Gadfly the Demonspawn Monk began the quest for the Orb.
     0 | D:1      | Reached XP level 1. HP: 18/18 MP: 1/1
   389 | D:1      | Gained mutation: You are partially covered in sharp spines.
                  | [demonic ancestry]
   389 | D:1      | Reached XP level 2. HP: 24/24 MP: 2/2
   397 | D:1      | Found a faded altar of an unknown god.
   659 | D:1      | Reached skill level 3 in Unarmed Combat
   751 | D:1      | Reached skill level 1 in Evocations
   936 | D:2      | Noticed Sigmund
  1216 | D:2      | Killed Sigmund
  1217 | D:2      | Reached XP level 3. HP: 18/29 MP: 3/3
  1217 | D:2      | Reached XP level 4. HP: 22/35 MP: 4/4
  1217 | D:2      | Gained mutation: You have large cloven feet. [demonic
                  | ancestry]
  1217 | D:2      | Reached XP level 5. HP: 26/41 MP: 5/5
  1644 | D:2      | Noticed Natasha
  1653 | D:2      | Killed Natasha
  1927 | D:2      | Found a runed translucent door.
  1928 | D:2      | Noticed Crazy Yiuf
  2005 | D:2      | Killed Crazy Yiuf
  2006 | D:2      | Reached skill level 4 in Unarmed Combat
  2131 | D:3      | Gained mutation: You have hoof-like feet. [demonic
                  | ancestry]
  2131 | D:3      | Reached XP level 6. HP: 47/47 MP: 6/6
  2969 | D:3      | Identified the +8 hand axe of the Assorted Ziggurats
                  | {drain, Will+ Int+2 Dex-3}
  3159 | D:3      | Identified a scroll of acquirement
  3159 | D:3      | Acquired 1007 gold pieces
  3266 | D:4      | Noticed Duvessa
  3268 | D:4      | Noticed Dowan
  3278 | D:4      | Killed Dowan
  3278 | D:4      | Slain by Duvessa

Illustrated notes

Levels and vault maps discovered:
D:1:      psy_arrival_radial02, layout_loops_ring,
          shapermc_ecumenical_altar_notcrosses, minmay_misc_feat_encased,
          chequers_serial_rivers_micro_a, serial_park_tiny_pond
D:2:      layout_basic, hangedman_decor_points, uniq_crazy_yiuf_cottage,
          uniq_sigmund, uniq_natasha
D:3:      layout_basic, minmay_pentangle
D:4:      layout_gridville, uniq_menkaure, uniq_duvessa, uniq_pikel,
          uniq_grinder

Skill      XL: |  1  2  3  4  5 |
---------------+----------------+-----
Unarmed Combat | 3 4 |  4.2
Evocations     | 2 3 |  3.4
Dodging        | 3 |  3.5
Shapeshifting  | 2 |  2.6
Fighting       | |  3.0

Action                     |  1- 3 |  4- 6 || total
---------------------------+-------+-------++-------
  Melee: Unarmed           |    64 |    77 ||   141
         Kick              |       |    37 ||    37
         Punch             |       |     2 ||     2
         Hand axe          |       |     8 ||     8
    Use: Potion            |     3 |       ||     3
         Scroll            |     2 |     9 ||    11
   Stab: Sleeping          |       |     4 ||     4
 Armour: Robe              |    28 |    37 ||    65
  Dodge: Dodged            |    36 |    41 ||    77
